 Dungeon Crawl Stone Soup version 0.31.0-9-g3a7656b989 (webtiles) character file.

Game seed: 16298178466166243230

59 qw the Shooter (level 3, -3/20 HPs)
             Began as a Deep Elf Hunter on Feb 2, 2024.
             Frozen to death by an endoplasm (4 damage)
             ... on level 2 of the Dungeon.
             The game lasted 00:00:02 (700 turns).

qw the Shooter (Deep Elf Hunter)                     Turns: 700, Time: 00:00:03

Health: -3/20      AC:  5    Str: 10    XL:     3   Next: 78%
Magic:  5/5        EV: 11    Int: 13    God:
Gold:   52         SH:  0    Dex: 18    Spells: 2/2 levels left

rFire   . . .        a - +0 shortbow
rCold   . . .        (shield currently unavailable)
rNeg    . . .        d - +0 ring mail
rPois   .            (no helmet)
rElec   .            (no cloak)
rCorr   .            (no gloves)
SInv    .            (no boots)
Will    .....        (no amulet)
Stlth   +            (no ring)
HPRegen 0.23/turn    (no ring)
MPRegen 0.09/turn

%: no passive effects
@: no status effects
A: no striking features
a: no special abilities


You were on level 2 of the Dungeon.
You visited 1 branch of the dungeon, and saw 2 of its levels.

You collected 52 gold pieces.


   Skills:
 - Level 1.5 Fighting
 + Level 7.3 Ranged Weapons
 - Level 2.4 Dodging
 - Level 1.2 Stealth


You had 2 spell levels left.
You didn't know any spells.
Your spell library was empty.

Inventory:

Hand Weapons
 a - a +0 shortbow (weapon)
Armour
 d - a +0 ring mail (worn)
Potions
 f - a potion of brilliance {unknown}
 i - a potion of lignification {unknown}

Dungeon Overview and Level Annotations

Branches:
Dungeon (2/15)

Altars:
Wu Jian


Message History

Found an ornate altar of the Wu Jian Council.
There is a stone staircase leading up here.
There are monsters nearby!
Waypoint 1 assigned to D:2.
You shoot an arrow. The arrow barely misses Jessica.
You shoot an arrow. The arrow hits Jessica!
Jessica is severely wounded.
An adder comes into view.
696 ||| STAIRDANCE The ball python bites you but does no damage.
The ball python grabs you.
You stop ascending the stairs.
The ball python constricts you. Jessica hits you with a +0 club.
The endoplasm freezes you.
You are frozen.
The ball python completely misses you. The ball python constricts you.
You shoot an arrow.
The arrow closely misses the ball python.
Jessica gestures at you while chanting. You resist with some effort.
The endoplasm hits you. The ball python barely misses you.
The ball python constricts you.
You shoot an arrow. The arrow hits the ball python!
You kill the ball python!
The hobgoblin barely misses you. Jessica casts a spell at you.
Pain shoots through your body!
The endoplasm hits you but does no damage.
You shoot an arrow. The arrow hits Jessica!
You kill Jessica!
The hobgoblin closely misses you. The endoplasm freezes you.
You are frozen.
The endoplasm barely misses you.
The hobgoblin hits you but does no damage.
The endoplasm freezes you.
You are frozen.
The endoplasm barely misses you.
Your Ranged Weapons skill increases to level 7!
You shoot an arrow. The arrow barely misses the endoplasm.
The hobgoblin closely misses you.
The endoplasm hits you but does no damage.
The endoplasm freezes you.
You are frozen.
You die...

.... ## ....
.# .... .. ...
.# #.. .#
#..##.###
##.#..gJ...#
.....SJ@)..#
.......$.?.#
...........#
_..[.........
.:....#..#####
.........#
#.....##:#
###..# .#


You could see an adder, 2 endoplasms and a hobgoblin.

Vanquished Creatures
  Jessica (D:2)
  3 bats (D:1)
  4 endoplasms (D:1)
  3 giant cockroaches (D:1)
  4 goblins (D:1)
  3 hobgoblins (D:1)
  2 jackals (D:1)
  4 kobolds (D:1)
  2 ball pythons
  2 rats (D:1)
28 creatures vanquished.

Notes
Turn   | Place    | Note
-------+----------+-------------------------------------------
     0 | D:1      | qw the Deep Elf Hunter began the quest for the Orb.
     0 | D:1      | Reached XP level 1. HP: 12/12 MP: 3/3
     0 | D:1      | 0 ||| qw: Version: 0.3-a-155-g5e7d8dd
     0 | D:1      | 0 ||| qw: Game counter: 2493
     0 | D:1      | 0 ||| qw: Melee chars always use a shield: true
     0 | D:1      | 0 ||| qw: God list: Okawaru
     0 | D:1      | 0 ||| qw: Allow faded altars: false
     0 | D:1      | 0 ||| qw: Do Orc after clearing Dungeon:15 true
     0 | D:1      | 0 ||| qw: Do second Lair branch before Depths: true
     0 | D:1      | 0 ||| qw: Lair rune preference: random
     0 | D:1      | 0 ||| qw: Goals: Normal
     0 | D:1      | 0 ||| PLANNING D:1-11
    51 | D:1      | Reached XP level 2. HP: 10/16 MP: 4/4
    52 | D:1      | Reached skill level 6 in Ranged Weapons
   372 | D:1      | Reached XP level 3. HP: 20/20 MP: 5/5
   648 | D:1      | 648 ||| UPGRADING to +0 ring mail.
   658 | D:1      | 658 ||| DROPPING +0 leather armour.
   659 | D:1      | 659 ||| DROPPING ring of wizardry.
   660 | D:1      | 660 ||| READING scroll labelled NATITHR FEBLE.
   661 | D:1      | 661 ||| READING scroll labelled HYTIAS NUECK.
   666 | D:1      | 666 ||| DROPPING scroll of butterflies.
   693 | D:2      | Noticed Jessica
   693 | D:2      | Found an ornate altar of the Wu Jian Council.
   696 | D:2      | 696 ||| STAIRDANCE
   699 | D:2      | Killed Jessica
   699 | D:2      | HP: 3/20 [frozen (4)]
   699 | D:2      | HP: 1/20 [frozen (2)]
   700 | D:2      | Reached skill level 7 in Ranged Weapons
   700 | D:2      | Frozen to death by an endoplasm

Levels and vault maps discovered:
D:1:      mushboom_english_gardens, layout_rooms, minivault_4, chequers_avenue,
          st_stairs_9, corexii_hall_statues_deadend
D:2:      layout_loops_ring, basic_altar, minmay_pentomino_o4, uniq_jessica,
          uniq_natasha

Skill      XL: |  1  2  3 |
---------------+----------+-----
Ranged Weapons | 6 7 |  7.3
Fighting       | |  1.5
Dodging        | |  2.4
Stealth        | |  1.2

Action                     || total
---------------------------++-------
   Fire: Shortbow          ||    71
    Use: Scroll            ||     2
 Armour: Leather armour    ||    17
         Ring mail         ||     6
  Dodge: Dodged            ||    18

Table legend:
 A = Non-vault XP
 B = Vault XP
 C = Vault XP percentage of total XP
 D = Non-vault monster count
 E = Vault monster count
 F = Vault count percentage of total count
                 A         B        C        D         E       F
            +---------+---------+-------+---------+---------+-------
      Total |      44 |      41 |  48.2 |      25 |       3 |  10.7
            +---------+---------+-------+---------+---------+-------
        D:1 |      42 |       4 |   8.7 |      24 |       2 |   7.7
        D:2 |       2 |      37 |  94.9 |       1 |       1 |  50.0
            +---------+---------+-------+---------+---------+-------
